 Dungeon Crawl Stone Soup version 0.31-a0-152-g6aa68a64a1 (webtiles) character file.

Game seed: 14938153528096747268

597 qw the Skirmisher (level 7, 0/60 HPs)
             Began as a Minotaur Hunter on June 9, 2023.
             Succumbed to a scorpion's poison
             ... on level 4 of the Dungeon.
             The game lasted 00:00:54 (3054 turns).

qw the Skirmisher (Minotaur Hunter)                 Turns: 3054, Time: 00:00:55

Health: 0/60       AC:  5    Str: 16    XL:     7   Next: 17%
Magic:  6/6        EV: 11    Int:  6    God:
Gold:   194        SH:  0    Dex: 15    Spells: 6/6 levels left

rFire   . . .        Y - +0 shortbow
rCold   . . .        (shield currently unavailable)
rNeg    . . .        d - +0 ring mail
rPois   .            (helmet restricted)
rElec   .            (no cloak)
rCorr   .            (no gloves)
SInv    .            (no boots)
Will    .....        (no amulet)
Stlth   +            (no ring)
HPRegen 0.30/turn    (no ring)
MPRegen 0.10/turn

%: no passive effects
@: lethally poisoned (0 -> -2)
A: horns 2, retaliatory headbutt
a: no special abilities


You were on level 4 of the Dungeon.
You visited 1 branch of the dungeon, and saw 5 of its levels.

You collected 194 gold pieces.


Innate Abilities, Weirdness & Mutations

You have a pair of horns on your head.
You reflexively headbutt those who attack you in melee.


   Skills:
 + Level 4.7 Fighting
 - Level 8.2 Ranged Weapons
 - Level 3.1 Armour
 - Level 2.1 Dodging
 - Level 0.7 Stealth


You had 6 spell levels left.
You didn't know any spells.
Your spell library was empty.

Inventory:

Hand Weapons
 Y - a +0 shortbow (weapon)
Armour
 d - a +0 ring mail (worn)
Scrolls
 c - a scroll of silence {unknown}
 e - a scroll of identify
 g - a scroll of brand weapon {unknown}
Potions
 a - a potion of enlightenment {unknown}
 b - a potion of resistance {unknown}
 f - a potion of might
 h - 2 potions of heal wounds {unknown}

Dungeon Overview and Level Annotations

Branches:
Dungeon (5/15)
 Temple: D:4-7

Altars:


Message History

You are more poisoned.
The scorpion poisons you!
You shoot an arrow.
The arrow hits the scorpion but does no damage.
The scorpion is heavily wounded.
You feel very sick. The scorpion stings you!
You are lethally poisoned!
The scorpion poisons you!
The scorpion stings you but does no damage.
You shoot an arrow.
The arrow hits the scorpion but does no damage.
The scorpion is heavily wounded.
You feel very sick. The scorpion barely misses you.
You shoot an arrow. The arrow hits the scorpion!
The scorpion is severely wounded.
You feel very sick.
The scorpion stings you but does no damage.
You shoot an arrow. The arrow closely misses the scorpion.
You feel very sick. The scorpion closely misses you.
The scorpion barely misses you.
You shoot an arrow. The arrow hits the scorpion.
The scorpion is almost dead.
You feel sick.
The scorpion stings you but does no damage.
You shoot an arrow. The arrow hits the scorpion!
You kill the scorpion!
You feel very sick.
Your Ranged Weapons skill increases to level 8!
There is a lethal amount of poison in your body!
You feel sick.
There is a lethal amount of poison in your body!
You feel sick.
There is a lethal amount of poison in your body!
You feel sick.
There is a lethal amount of poison in your body!
You feel sick.
There is a lethal amount of poison in your body!
You die...

.. ... #).. #.... ~
...... ~~## ###....#
..~~. ####.%.# ..
..~~.####...@# ...
..~~......#### #...
..~~....#######.....
..~~................
~~##...####.........
~~##................
........##.........
.........##.........
....................


There were no monsters in sight!

Vanquished Creatures
  Grinder (D:4)
  A black bear (D:4)
  An ogre (D:5)
  A scorpion (D:4)
  A jelly (D:5)
  An orc priest (D:4)
  An orc wizard (D:4)
  2 adders
  2 worms
  3 dart slugs
  2 orcs
  6 ball pythons
  3 bats (D:1)
  4 endoplasms
  A giant cockroach (D:1)
  7 goblins
  6 hobgoblins
  6 quokkas
  4 frilled lizards
  4 kobolds
  4 rats
61 creatures vanquished.

Notes
Turn   | Place    | Note
-------+----------+-------------------------------------------
     0 | D:1      | qw the Minotaur Hunter began the quest for the Orb.
     0 | D:1      | Reached XP level 1. HP: 18/18 MP: 0/0
     0 | D:1      | 0 ||| qw: Version: 0.2-a-122-gbc61b45
     0 | D:1      | 0 ||| qw: Game counter: 3407
     0 | D:1      | 0 ||| qw: Always use a shield: true
     0 | D:1      | 0 ||| qw: God list: Okawaru
     0 | D:1      | 0 ||| qw: Allow faded altars: false
     0 | D:1      | 0 ||| qw: Do Orc after D:15 true
     0 | D:1      | 0 ||| qw: Do second Lair branch before Depths: true
     0 | D:1      | 0 ||| qw: Lair rune preference: random
     0 | D:1      | 0 ||| qw: Plans: Normal
     0 | D:1      | 0 ||| PLANNING D:1-11
   200 | D:1      | Reached XP level 2. HP: 25/25 MP: 1/1
   275 | D:1      | Reached skill level 5 in Ranged Weapons
   393 | D:1      | Reached skill level 3 in Fighting
   402 | D:1      | Found a faded altar of an unknown god.
   626 | D:1      | Reached XP level 3. HP: 30/31 MP: 2/2
   958 | D:1      | 958 ||| READING 2 scrolls labelled TUIJIC TEWNEICW.
   959 | D:1      | 959 ||| READING scroll labelled VAIZESCH DAIN.
   962 | D:1      | 962 ||| DROPPING scroll of fog.
   963 | D:1      | 963 ||| DROPPING scroll of butterflies.
  1851 | D:2      | 1851 ||| READING scroll labelled WEUTHR UXAH.
  1852 | D:2      | 1852 ||| READING scroll labelled HEMUHY VOENTARUUW.
  1854 | D:2      | 1854 ||| Stepping ~*~*~tactically~*~*~ (cloud).
  2035 | D:3      | Identified the +1 hand axe of Devotion {venom, Dex+2}
  2434 | D:3      | You fall into a shaft and drop 2 floors!
  2434 | D:5      | Entered Level 5 of the Dungeon
  2460 | D:5      | Reached skill level 6 in Ranged Weapons
  2460 | D:5      | Reached XP level 4. HP: 36/38 MP: 3/3
  2477 | D:5      | Noticed an ogre
  2484 | D:5      | Killed an ogre
  2485 | D:5      | Reached XP level 5. HP: 14/47 MP: 4/4
  2618 | D:5      | 2618 ||| UPGRADING to +0 ring mail.
  2628 | D:5      | 2628 ||| DROPPING +0 leather armour.
  2629 | D:5      | 2629 ||| READING scroll labelled TEACLI YRPHU.
  2630 | D:5      | 2630 ||| READING 2 scrolls labelled OTAQEWKU MUICZY.
  2631 | D:5      | 2631 ||| DRINKING 2 bubbling dark potions.
  2640 | D:4      | Noticed a black bear
  2641 | D:4      | 2641 ||| PLANNING SEWER
  2646 | D:4      | Noticed Grinder
  2649 | D:4      | Killed a black bear
  2650 | D:4      | Reached skill level 3 in Armour
  2650 | D:4      | Reached XP level 6. HP: 32/53 MP: 5/5
  2657 | D:4      | Paralysed by Grinder for 2 turns
  2661 | D:4      | HP: 13/53 [Grinder (6)]
  2664 | D:4      | Killed Grinder
  2665 | D:4      | Reached skill level 7 in Ranged Weapons
  2666 | D:4      | HP: 7/53 [poisoned by an adder]
  2905 | D:4      | Reached XP level 7. HP: 30/60 MP: 6/6
  3046 | D:4      | HP: 12/60 [poisoned by a scorpion]
  3049 | D:4      | HP: 4/60 [poisoned by a scorpion]
  3050 | D:4      | Reached skill level 8 in Ranged Weapons
  3053 | D:4      | HP: 1/60 [poisoned by a scorpion]
  3054 | D:4      | Succumbed to a scorpion's poison

Levels and vault maps discovered:
D:1:      sevenhm_arrival_forest_fort_small_3, layout_basic,
          ebering_ecumenical_altar_ruins
D:2:      layout_loops_corners
D:3:      layout_basic, nicolae_overflow_hidden_temple
D:4:      layout_rooms, cheibrodos_sewer_entry_sluice, chequers_arboretum,
          uniq_grinder
D:5:      layout_cave_pods, mainiacjoe_overflow_catwalk, nicolae_elemental_shop,
          nicolae_titane

Skill      XL: |  1  2  3  4  5  6  7 |
---------------+----------------------+-----
Ranged Weapons | 5 6 7 8 |  8.2
Fighting       | 3 4 |  4.7
Armour         | 3 |  3.1
Dodging        | |  2.1
Stealth        | |  0.7

Action                     |  1- 3 |  4- 6 |  7- 9 || total
---------------------------+-------+-------+-------++-------
   Fire: Shortbow          |   118 |    66 |    17 ||   201
    Use: Scroll            |     4 |     2 |       ||     6
         Potion            |       |     1 |       ||     1
 Armour: Leather armour    |    13 |       |       ||    13
         Ring mail         |       |    16 |     5 ||    21
  Dodge: Dodged            |    23 |    28 |     4 ||    55

Table legend:
 A = Non-vault XP
 B = Vault XP
 C = Vault XP percentage of total XP
 D = Non-vault monster count
 E = Vault monster count
 F = Vault count percentage of total count
                 A         B        C        D         E       F
            +---------+---------+-------+---------+---------+-------
      Total |     581 |     272 |  31.9 |      59 |       2 |   3.3
            +---------+---------+-------+---------+---------+-------
        D:1 |      45 |       0 |   0.0 |      26 |       0 |   0.0
        D:2 |      29 |       0 |   0.0 |       8 |       0 |   0.0
        D:3 |      14 |       0 |   0.0 |       8 |       0 |   0.0
        D:4 |     322 |     272 |  45.8 |      14 |       2 |  12.5
        D:5 |     171 |       0 |   0.0 |       3 |       0 |   0.0
            +---------+---------+-------+---------+---------+-------
